Map: Hardwire LE

Players

DRG

  • Race: Zerg Zerg

Spirit - Winner!

  • Race: Terran Terran

Event: IEM Katowice 2022

VOD

Have the link to the VOD?

Description

Time

  • Played on: Feb. 23, 2022, 6:15 a.m.
  • Length: 29:26

All games in this series

Show
View Real Time Build Order
Export as new Build Order

DRG Zerg 

Build Orders: Hatch First, Lurkers 

Get SALT Encoding   

  12  0:00  Drone  
  13  0:12  Overlord  
  13  0:16  Drone  
  14  0:30  Drone x2  
  16  0:47  Hatchery  
  15  0:50  Drone  
  15  0:54  Drone  
  17  0:57  Drone  
  18  1:08  Extractor  
  17  1:13  Spawning Pool  
  17  1:15  Drone  
  17  1:19  Drone  
  18  1:28  Drone  
  19  1:38  Drone  
  20  1:48  Drone  
  21  1:59  Queen x2, Zergling x2  
  21  2:00  Zergling x2  
  27  2:10  Overlord  
  27  2:11  Drone  
  28  2:20  Hatchery  
  28  2:22  Drone  
  28  2:29  Drone  
  29  2:32  Drone  
  29  2:34  Drone  
  29  2:37  Queen  
  33  2:44  Metabolic Boost  
  33  2:49  Overlord  
  33  2:51  Drone  
  34  2:53  Drone  
  34  2:55  Drone  
  36  3:03  Overlord  
  36  3:07  Drone  
  36  3:08  Drone  
  36  3:09  Drone x2  
  40  3:13  Queen  
  40  3:17  Drone  
  43  3:20  Drone  
  43  3:24  Drone  
  45  3:28  Drone  
  45  3:32  Queen  
  45  3:33  Overlord  
  48  3:36  Drone  
  49  3:41  Drone x4  
  49  3:45  Zergling x2  
  49  3:46  Overlord  
  49  3:47  Drone x2  
  56  3:52  Drone  
  56  3:53  Drone  
  56  3:54  Drone  
  59  3:57  Queen  
  59  4:02  Overlord  
  61  4:03  Drone  
  61  4:05  Drone  
  61  4:08  Queen  
  65  4:11  Overlord  
  65  4:15  Drone x2  
  65  4:16  Drone x2  
  69  4:20  Overlord  
  69  4:23  Zergling x2  
  70  4:26  Drone x4  
  70  4:27  Drone  
  75  4:32  Queen  
  75  4:33  Drone  
  78  4:39  Spore Crawler  
  78  4:41  Drone, Extractor  
  78  4:42  Evolution Chamber  
  78  4:43  Spore Crawler, Zergling x4  
  78  4:44  Zergling x2  
  78  4:45  Evolution Chamber  
  77  4:46  Zergling x2  
  77  4:48  Queen  
  80  4:54  Zergling x6  
  80  4:56  Drone x2  
  80  4:58  Drone x2  
  87  5:05  Drone x2  
  87  5:06  Drone  
  90  5:07  Overlord  
  90  5:09  Overlord  
  90  5:10  Overlord  
  90  5:12  Zerg Ground Armor Level 1, Zerg Melee Weapons Level 1  
  90  5:14  Overlord  
  90  5:20  Overlord  
  90  5:26  Drone  
  91  5:28  Zergling x4  
  91  5:30  Drone  
  91  5:31  Drone x2  
  91  5:32  Drone  
  91  5:33  Lair  
  97  5:39  Drone  
  98  5:44  Drone x2  
  98  5:46  Extractor x2  
  98  5:47  Drone  
  99  5:51  Drone x3  
  99  5:52  Drone  
  99  5:53  Hatchery  
  99  5:55  Drone  
  103  5:58  Extractor  
  103  5:59  Baneling Nest, Extractor  
  103  6:02  Overlord  
  100  6:06  Zergling x4  
  100  6:09  Zergling x4  
  104  6:15  Hatchery  
  104  6:17  Zergling x8  
  107  6:18  Overlord  
  107  6:22  Drone x2  
  107  6:23  Drone x2  
  107  6:25  Drone x2  
  113  6:28  Zergling x4  
  115  6:33  Drone  
  115  6:38  Zergling x4  
  118  6:43  Baneling x3  
  118  6:44  Centrifugal Hooks, Baneling x3  
  118  6:45  Overlord  
  118  6:51  Zergling x14  
  124  6:55  Zergling x6  
  124  6:57  Queen  
  124  6:58  Queen  
  132  7:01  Zergling x6  
  132  7:04  Baneling  
  132  7:07  Zergling x2  
  131  7:17  Zergling x14  
  131  7:18  Zergling x2  
  131  7:19  Zerg Melee Weapons Level 2  
  131  7:20  Zerg Ground Armor Level 2  
  134  7:22  Drone  
  134  7:23  Drone x2  
  134  7:24  Drone  
  134  7:28  Drone x5  
  142  7:32  Drone  
  142  7:33  Queen  
  142  7:34  Drone  
  142  7:36  Drone  
  142  7:37  Drone  
  148  7:42  Overlord  
  148  7:43  Zergling x8  
  152  7:45  Overlord  
  152  7:48  Zergling x8  
  156  7:53  Overseer  
  156  7:54  Pneumatized Carapace  
  156  7:55  Overlord x3  
  156  7:56  Overlord  
  156  7:58  Zergling x6  
  156  7:59  Hatchery, Zergling x2  
  156  8:01  Baneling x8  
  156  8:02  Overseer  
  156  8:05  Zergling x8  
  163  8:08  Zergling x2  
  163  8:09  Zergling x6  
  167  8:14  Overlord x2  
  167  8:15  Zergling x2  
  167  8:16  Zergling x6  
  167  8:17  Baneling x4  
  166  8:24  Drone x6  
  166  8:25  Zergling x2  
  169  8:29  Zergling x10  
  169  8:31  Zergling x2  
  175  8:36  Zergling x4  
  177  8:41  Infestation Pit, Zergling x4  
  177  8:43  Zergling x10  
  177  8:46  Zergling x6  
  185  8:52  Zergling x8  
  184  8:58  Zergling x12  
  184  9:00  Spawning Pool  
  189  9:08  Baneling x13  
  189  9:09  Baneling  
  189  9:10  Baneling x25  
  189  9:23  Hive  
  179  9:25  Spawning Pool  
  170  9:50  Zergling x2  
  170  9:51  Zergling x28  
  161  9:56  Zergling x2  
  161  9:57  Zergling x18  
  161  9:59  Zergling x2  
  152  10:02  Hydralisk Den  
  152  10:04  Zergling x6  
  153  10:08  Drone  
  153  10:10  Drone  
  153  10:13  Extractor x2  
  153  10:18  Zergling x2  
  153  10:19  Zergling x6  
  153  10:21  Zergling x2  
  158  10:22  Queen  
  158  10:23  Drone x6  
  158  10:27  Zergling x6  
  169  10:28  Baneling x12  
  169  10:29  Baneling x5  
  169  10:31  Zergling x10  
  169  10:34  Grooved Spines  
  174  10:36  Zerg Missile Weapons Level 1, Zerg Ground Armor Level 3, Adrenal Glands  
  174  10:37  Lurker Den  
  174  10:40  Zergling x14  
  177  10:55  Zergling x18  
  186  11:01  Drone x2  
  186  11:02  Drone x3  
  186  11:04  Zergling x12  
  193  11:05  Spore Crawler  
  193  11:09  Zergling x4  
  193  11:12  Queen  
  193  11:13  Spore Crawler  
  193  11:17  Zergling x10  
  197  11:21  Baneling x6  
  195  11:26  Drone x3  
  195  11:32  Drone x2  
  198  11:33  Drone  
  198  11:36  Hatchery  
  197  11:40  Hydralisk  
  197  11:43  Baneling x6  
  197  11:46  Muscular Augments, Drone x2  
  171  12:02  Zergling x10  
  171  12:05  Zergling x10  
  175  12:09  Drone x7  
  175  12:12  Lurker Den  
  176  12:16  Hydralisk x4  
  176  12:17  Hydralisk x2  
  176  12:19  Queen  
  176  12:22  Spore Crawler  
  188  12:23  Drone  
  188  12:24  Drone x8  
  188  12:25  Extractor  
  188  12:26  Extractor  
  188  12:29  Zergling x10  
  199  12:35  Overseer, Burrow, Zerg Missile Weapons Level 2  
  198  12:56  Drone x2  
  200  13:07  Overseer x2  
  200  13:09  Baneling x23  
  200  13:12  Baneling x11  
  200  13:16  Seismic Spines  
  200  13:17  Zerg Melee Weapons Level 3  
  200  13:24  Baneling x15  
  200  13:27  Overseer  
  194  13:46  Zergling x40  
  165  13:49  Zergling x30  
  165  13:51  Hydralisk x5  
  184  13:56  Zergling x12  
  190  14:12  Baneling  
  190  14:13  Baneling x5, Zergling x20, Adaptive Talons  
  200  14:19  Baneling x8  
  198  14:29  Zergling x22  
  184  14:34  Hydralisk x6  
  184  14:36  Zergling x12  
  180  14:41  Drone x3  
  180  14:43  Spine Crawler  
  180  14:44  Spine Crawler  
  181  14:46  Lurker x4  
  181  14:47  Lurker x2  
  181  14:49  Hydralisk x6  
  181  14:51  Zergling x2  
  181  14:52  Hatchery  
  199  14:59  Spore Crawler x2  
  197  15:00  Baneling x3  
  197  15:02  Spore Crawler x3  
  197  15:03  Zerg Missile Weapons Level 3  
  197  15:04  Zergling x12  
  197  15:05  Baneling x7  
  200  15:08  Overseer  
  199  15:16  Hatchery  
  199  15:21  Baneling x16  
  198  15:24  Drone x2  
  198  15:26  Extractor  
  198  15:27  Extractor  
  198  15:34  Zergling x4  
  198  15:47  Baneling x7  
  198  15:55  Zergling x2  
  199  15:59  Overseer x2  
  199  16:03  Zergling x16  
  179  16:06  Zergling x16  
  179  16:09  Zergling x20  
  179  16:10  Zergling x2  
  168  16:13  Viper  
  168  16:14  Viper  
  168  16:15  Hydralisk x11  
  193  16:19  Drone x4  
  193  16:23  Zergling x6  
  200  16:26  Baneling x9  
  200  16:31  Hatchery  
  200  16:32  Spore Crawler  
  198  16:34  Overseer x2  
  198  16:43  Zergling x4  
  189  16:56  Lurker x9  
  189  16:58  Drone x2  
  194  17:12  Zergling x10  
  194  17:14  Extractor  
  194  17:15  Extractor  
  197  17:24  Zergling x2  
  197  17:25  Zergling x2  
  199  17:42  Spore Crawler  
  197  17:44  Baneling x7  
  196  17:53  Zergling x6  
  197  17:59  Overseer x3  
  197  18:05  Drone x7  
  196  18:07  Drone x5  
  172  18:15  Zergling x16  
  166  18:23  Zergling x32  
  166  18:26  Zergling x16  
  165  18:28  Zergling x2  
  165  18:29  Zergling x14  
  165  18:32  Drone x8  
  179  18:40  Hydralisk x7, Lurker x6  
  195  18:43  Baneling  
  191  18:55  Drone x7  
  196  18:58  Hydralisk  
  198  19:06  Spire x2  
  194  19:15  Spore Crawler  
  193  19:23  Zergling x4  
  193  19:24  Zergling x10  
  200  19:31  Spore Crawler  
  196  19:41  Hydralisk x2  
  196  19:45  Overseer x5  
  196  19:50  Zergling x34  
  196  19:52  Viper  
  149  20:02  Hydralisk x6  
  149  20:04  Overseer x4  
  149  20:06  Zergling x22  
  158  20:07  Drone x5  
  158  20:09  Drone x3  
  151  20:14  Hydralisk x4  
  151  20:18  Baneling x8, Zergling x4  
  151  20:20  Corruptor x2  
  165  20:22  Greater Spire, Zerg Flyer Weapons Level 1  
  165  20:24  Drone  
  165  20:31  Baneling  
  165  20:32  Baneling x14  
  165  20:34  Lurker x4  
  165  20:35  Overlord x2, Lurker x5  
  172  20:37  Viper  
  172  20:38  Hydralisk x4  
  182  20:50  Extractor  
  182  20:51  Extractor  
  182  20:56  Hydralisk x7  
  191  21:00  Hatchery, Drone x2  
  191  21:02  Drone x2  
  192  21:15  Hydralisk x4  
  197  21:22  Drone x4  
  173  21:48  Zergling x2  
  173  21:49  Overseer x2, Zergling x8  
  173  21:53  Drone x6  
  181  21:54  Overlord x2  
  181  21:55  Extractor x2  
  181  21:59  Drone x3  
  183  22:01  Lurker  
  183  22:02  Overlord  
  167  22:18  Hydralisk x6  
  167  22:21  Zergling x2  
  167  22:22  Zergling x16  
  177  22:26  Zergling x12  
  177  22:29  Zergling x2  
  187  22:30  Zergling x18  
  193  22:48  Zergling x18  
  189  23:02  Hydralisk x5  
  189  23:05  Zergling x8  
  175  23:07  Hydralisk x11  
  175  23:10  Zergling x10  
  175  23:12  Zergling x2  
  173  23:13  Baneling x6  
  173  23:14  Overseer  
  173  23:15  Zergling x2  
  173  23:16  Zergling x8  
  174  23:22  Baneling x8, Zergling x16  
  182  23:27  Lurker x3  
  182  23:29  Overlord  
  182  23:31  Zergling x6  
  182  23:33  Hatchery  
  178  23:45  Zergling x26  
  151  23:58  Hydralisk x3  
  150  24:07  Zergling x18  
  154  24:10  Hydralisk  
  155  24:22  Lurker x2  
  155  24:23  Overseer, Lurker x3  
  158  24:30  Zergling x8  
  162  24:35  Overseer  
  157  24:39  Zergling x6  
  157  24:42  Zergling x4  
  145  24:56  Zergling x2  
  145  24:57  Zergling x10  
  144  25:06  Overseer x2  
  142  25:09  Lurker x4  
  142  25:10  Zergling x2  
  142  25:11  Zergling x8  
  118  25:16  Overseer x2  
  118  25:20  Zergling x10  
  113  25:41  Hydralisk x2  
  117  25:46  Overseer x2  
  117  25:47  Hatchery  
  102  26:07  Lurker x4  
  102  26:08  Lurker  
  101  26:18  Hydralisk  
  101  26:24  Zergling x10  
  101  26:25  Zergling x4  
  104  26:26  Overseer x2  
  101  26:40  Hydralisk  
  103  26:58  Lurker  
  104  27:02  Zergling x10  
  109  27:22  Lurker  
  104  27:48  Hydralisk x2  
  104  27:50  Hatchery  
  106  28:04  Zergling x8  
  110  28:10  Overseer  
  108  28:16  Zergling x6  
  98  28:31  Overseer x2  
  90  28:42  Hydralisk x2  
  90  28:48  Lurker x2  
  92  29:09  Overseer x2  
Show
View Real Time Build Order
Export as new Build Order

Spirit Terran - Winner!

Build Orders: Liberator Opening, Reaper Expand 

Get SALT Encoding   

  12  0:00  SCV  
  13  0:12  SCV  
  14  0:17  Supply Depot  
  14  0:24  SCV  
  15  0:38  SCV  
  15  0:40  Barracks  
  16  0:44  Refinery  
  16  0:50  SCV  
  17  1:02  SCV  
  18  1:15  SCV  
  19  1:27  Orbital Command  
  19  1:28  Reaper  
  20  1:40  Command Center  
  20  1:47  Supply Depot  
  20  1:52  SCV  
  21  2:00  Marine  
  22  2:05  SCV  
  23  2:11  Factory  
  23  2:17  SCV  
  23  2:22  Barracks Reactor  
  24  2:29  SCV  
  25  2:40  Command Center  
  25  2:41  SCV  
  26  2:52  Orbital Command  
  26  2:55  SCV  
  27  3:05  Hellion x2  
  31  3:08  SCV  
  32  3:12  Starport  
  32  3:16  Refinery  
  32  3:18  SCV  
  33  3:20  SCV  
  34  3:28  Hellion  
  34  3:31  SCV  
  34  3:32  SCV, Hellion  
  40  3:43  SCV  
  40  3:44  SCV  
  42  3:49  Hellion  
  42  3:51  Liberator  
  42  3:53  Hellion, Orbital Command  
  49  3:56  SCV  
  49  3:57  Barracks Tech Lab  
  51  4:02  SCV  
  51  4:08  Supply Depot  
  51  4:09  SCV  
  52  4:15  SCV, Hellion x2  
  52  4:16  Stimpack  
  57  4:18  Marine  
  57  4:19  SCV  
  57  4:21  SCV  
  60  4:27  SCV  
  61  4:31  SCV  
  61  4:32  Supply Depot  
  61  4:33  SCV  
  61  4:35  Starport Reactor  
  61  4:36  Marine  
  64  4:39  SCV  
  64  4:44  SCV  
  64  4:45  SCV  
  67  4:46  Factory Tech Lab  
  67  4:48  Barracks  
  67  4:51  SCV  
  67  4:52  Barracks, Refinery x2  
  68  4:54  Marine  
  68  4:57  SCV  
  70  5:02  Supply Depot, Engineering Bay  
  70  5:04  Engineering Bay  
  70  5:05  SCV, Orbital Command  
  72  5:08  Siege Tank  
  72  5:10  SCV  
  72  5:12  Marine  
  76  5:17  SCV  
  76  5:20  Starport Reactor  
  77  5:24  SCV  
  77  5:27  Supply Depot  
  78  5:29  Marine  
  78  5:30  SCV  
  78  5:31  SCV, Barracks x2  
  78  5:32  Terran Infantry Weapons Level 1  
  81  5:36  SCV  
  81  5:42  SCV, Siege Tank  
  83  5:43  SCV  
  83  5:45  Marine  
  83  5:46  Terran Infantry Armor Level 1  
  83  5:48  SCV, Marine x2  
  83  5:49  Bunker  
  88  5:54  SCV  
  88  5:55  SCV  
  88  5:57  Supply Depot, Marine  
  88  5:58  Supply Depot, Combat Shield  
  88  6:00  Marine  
  88  6:03  Medivac  
  92  6:06  SCV  
  92  6:10  SCV, Medivac  
  96  6:11  Marine x2  
  96  6:12  SCV  
  102  6:18  Siege Tank  
  102  6:20  Supply Depot  
  102  6:21  SCV  
  102  6:23  SCV  
  104  6:26  Barracks Reactor x2  
  104  6:27  Supply Depot, SCV  
  104  6:29  Marine  
  104  6:30  Marine x4  
  110  6:33  SCV  
  110  6:35  SCV  
  110  6:39  SCV  
  113  6:46  SCV  
  114  6:47  Marine x2  
  114  6:48  Marine x2  
  114  6:50  Supply Depot, Refinery x2, Marine  
  119  6:54  Command Center  
  119  7:01  SCV  
  119  7:03  Marine  
  119  7:04  Supply Depot, Armory  
  119  7:05  Marine  
  122  7:12  Marine  
  117  7:17  Marine  
  117  7:20  Marine, Siege Tank  
  117  7:22  Medivac  
  103  7:23  Marine  
  103  7:24  Marine  
  103  7:25  Marine x4  
  103  7:26  SCV x2  
  103  7:27  SCV  
  103  7:29  Marine  
  110  7:32  Medivac, Factory  
  110  7:34  Marine  
  111  7:38  SCV, Marine  
  111  7:39  Supply Depot  
  111  7:41  Supply Depot, Marine  
  111  7:42  Marine x5  
  119  7:47  Marine  
  119  7:50  Barracks  
  120  7:51  Terran Infantry Weapons Level 2  
  120  7:52  Barracks, Marine  
  120  7:53  Barracks  
  120  7:55  Terran Infantry Armor Level 2  
  120  7:56  Marine  
  122  8:03  SCV  
  122  8:04  Siege Tank  
  125  8:09  SCV  
  125  8:12  Command Center  
  126  8:13  Marine  
  126  8:14  Marine  
  128  8:21  Factory Tech Lab, Marine  
  128  8:25  Marine x5  
  133  8:34  SCV x2  
  133  8:36  Marine, Siege Tank  
  138  8:42  Siege Tank  
  138  8:45  SCV, Marine  
  138  8:47  Marine x3  
  146  8:49  Barracks Tech Lab x3  
  146  8:50  Planetary Fortress  
  146  8:51  SCV  
  146  8:52  SCV  
  146  8:55  Marine  
  148  8:56  Sensor Tower  
  148  8:57  SCV  
  148  8:59  Medivac x2  
  147  9:08  Siege Tank  
  147  9:09  Sensor Tower  
  150  9:10  SCV  
  150  9:11  Marine x8  
  150  9:14  Siege Tank  
  162  9:21  Marine  
  158  9:28  SCV x2  
  158  9:29  Liberator  
  158  9:30  Refinery, Marauder x4, Marine  
  158  9:31  Refinery  
  174  9:34  SCV  
  172  9:40  Siege Tank  
  172  9:42  Liberator  
  172  9:44  Orbital Command  
  176  9:46  Command Center  
  176  9:51  SCV, Marauder x3  
  167  9:56  Marine x9  
  167  9:59  SCV  
  154  10:00  SCV  
  154  10:03  SCV  
  155  10:07  Sensor Tower  
  155  10:11  SCV x2  
  155  10:12  SCV, Marine x3, Medivac  
  155  10:13  Planetary Fortress, Marine  
  164  10:19  SCV  
  161  10:23  Ghost Academy  
  161  10:24  SCV  
  161  10:25  Medivac  
  161  10:27  SCV x2  
  166  10:32  SCV  
  167  10:37  SCV  
  167  10:41  Siege Tank  
  171  10:47  SCV  
  171  10:48  Medivac  
  171  10:56  Command Center  
  171  10:57  SCV, Medivac, Sensor Tower  
  171  11:00  Supply Depot, Bunker  
  171  11:01  Supply Depot, Orbital Command  
  174  11:05  Supply Depot  
  174  11:11  Marauder  
  176  11:17  Siege Tank  
  176  11:18  Terran Infantry Armor Level 3, Terran Infantry Weapons Level 3  
  179  11:23  Refinery  
  179  11:24  Refinery  
  179  11:30  Siege Tank  
  184  11:38  Ghost x2  
  183  11:43  Command Center  
  183  11:47  Ghost  
  183  11:53  Ghost  
  183  12:00  Siege Tank  
  174  12:02  Marine  
  174  12:06  Siege Tank  
  174  12:07  Ghost  
  174  12:08  Marine, Marauder  
  172  12:16  Ghost  
  168  12:32  Siege Tank  
  173  12:39  Siege Tank  
  177  12:46  Marine  
  177  12:47  Marauder, Command Center  
  177  12:48  Marine  
  177  12:49  Marine  
  166  12:53  Personal Cloaking  
  166  12:55  Terran Vehicle Weapons Level 1  
  163  12:59  Missile Turret  
  163  13:00  Missile Turret  
  163  13:02  Missile Turret, Orbital Command  
  163  13:04  Missile Turret  
  165  13:10  Marine  
  165  13:11  Marauder x3  
  165  13:12  Marine x7  
  182  13:24  Missile Turret, Marine  
  177  13:28  Starport, Marine  
  177  13:29  Starport, Fusion Core, Orbital Command, Marine  
  179  13:37  Marine, Marauder  
  162  13:50  Siege Tank  
  162  13:54  Sensor Tower  
  162  13:55  Neosteel Armor, Hi-Sec Auto Tracking  
  161  13:59  Sensor Tower  
  161  14:00  Command Center  
  161  14:01  Sensor Tower  
  161  14:03  Command Center  
  161  14:05  Orbital Command  
  161  14:07  Siege Tank  
  164  14:10  Marine, Marauder  
  164  14:13  Marine  
  167  14:19  Advanced Ballistics, Starport Reactor x2, Nuke  
  167  14:21  Refinery  
  165  14:28  Siege Tank  
  159  14:36  Marine, Marauder x2  
  160  14:43  Liberator x2  
  166  14:46  Marauder x2  
  166  14:47  SCV x4  
  166  14:48  SCV x3  
  177  14:54  Sensor Tower  
  177  14:57  Planetary Fortress, Marauder  
  177  14:58  Marauder  
  177  14:59  SCV, Marine  
  184  15:00  SCV  
  184  15:07  Marauder  
  184  15:08  SCV  
  183  15:15  Ghost  
  183  15:16  Liberator x2  
  183  15:17  Liberator  
  190  15:25  Ghost, Liberator  
  190  15:27  SCV, Ghost  
  197  15:30  Nuke, Terran Vehicle Weapons Level 2  
  197  15:35  Marauder, Siege Tank  
  189  15:37  Orbital Command x2  
  189  15:41  Command Center  
  178  15:45  Marauder  
  180  15:54  Orbital Command  
  180  15:55  Marauder, Marine x3  
  180  15:56  Ghost x2  
  176  16:05  Ghost  
  177  16:15  Ghost  
  177  16:17  Sensor Tower  
  179  16:20  Medivac  
  181  16:32  Refinery  
  181  16:33  Orbital Command, Command Center  
  181  16:34  Refinery, Sensor Tower  
  181  16:36  Missile Turret, Medivac  
  183  16:40  SCV x2  
  183  16:46  Marine, Marauder  
  143  16:54  Medivac x2  
  179  17:04  Liberator  
  179  17:05  Marine, Marauder  
  185  17:10  Medivac  
  185  17:11  Marine x3  
  190  17:20  Nuke  
  193  17:23  SCV x2  
  193  17:24  SCV  
  193  17:26  SCV  
  193  17:29  Ghost, Concussive Shells  
  199  17:41  Missile Turret x2  
  199  17:42  Planetary Fortress  
  199  17:43  Sensor Tower  
  199  17:44  Command Center  
  199  17:46  Command Center  
  196  17:51  Liberator  
  186  18:12  Siege Tank  
  183  18:22  Siege Tank  
  183  18:23  Marine  
  183  18:24  Marine x6, Marauder  
  183  18:25  Marine, Marauder  
  183  18:26  Marauder  
  188  18:29  Marine  
  188  18:30  Refinery x2  
  188  18:33  Liberator x2  
  192  18:37  Refinery  
  189  18:41  Marine x2  
  189  18:45  Marauder, Siege Tank  
  193  18:54  Ghost x2, Siege Tank  
  198  19:02  Nuke  
  196  19:11  Orbital Command  
  196  19:12  Marine  
  196  19:13  Marauder  
  199  19:43  Ghost  
  186  19:54  Marine, Marauder  
  181  20:03  Siege Tank  
  181  20:04  Marine, Marauder  
  179  20:08  Marine x2  
  179  20:11  Siege Tank  
  179  20:14  Marine, Marauder  
  176  20:17  Nuke  
  179  20:21  Planetary Fortress  
  177  20:28  Marine x2  
  177  20:29  Marauder x3  
  177  20:30  Marine  
  177  20:31  Marine  
  177  20:35  Siege Tank  
  190  20:36  Marauder  
  190  20:37  Refinery  
  190  20:40  Missile Turret  
  190  20:41  Sensor Tower  
  192  20:43  Refinery, Siege Tank  
  192  20:44  Command Center  
  192  20:45  Marine  
  192  20:46  Marine x4  
  192  20:48  Planetary Fortress  
  192  20:49  Command Center  
  200  20:53  Command Center  
  197  21:04  Nuke  
  197  21:09  Siege Tank  
  189  21:23  Siege Tank  
  192  21:36  Marine  
  185  21:45  Ghost, Marine  
  185  21:46  Ghost x3, Marine  
  181  21:50  Marine  
  181  21:51  Marine  
  183  21:56  Marine  
  183  21:59  Marine  
  185  22:05  Marine  
  184  22:14  Ghost, Siege Tank  
  184  22:15  Marauder  
  175  22:16  Ghost  
  175  22:17  Marine x3  
  175  22:18  Marine x5  
  175  22:22  Siege Tank  
  185  22:23  Marine  
  186  22:35  Marine x6  
  186  22:36  Marauder  
  191  22:41  Ghost  
  193  22:46  Siege Tank  
  193  22:50  Ghost  
  197  22:54  Siege Tank  
  200  23:02  Ghost x2  
  200  23:03  Marine  
  155  23:09  Ghost, Medivac  
  152  23:15  Marine x6  
  152  23:17  Nuke  
  152  23:18  Marine  
  152  23:19  Marauder  
  156  23:21  Marine  
  156  23:24  Planetary Fortress  
  155  23:28  Missile Turret  
  155  23:31  Refinery, Marine x2  
  155  23:32  Refinery  
  155  23:33  Marine  
  158  23:35  Marine x3  
  148  23:44  Marine  
  138  23:49  Medivac  
  138  23:50  Marine, Medivac  
  138  23:53  Marine  
  138  23:54  Marine  
  138  23:55  Marine x3  
  131  23:56  Marine  
  131  23:57  Siege Tank  
  131  23:59  Marine  
  131  24:01  Marine, Marauder  
  127  24:04  SCV x6  
  127  24:05  SCV  
  128  24:12  SCV  
  128  24:18  Planetary Fortress  
  128  24:19  SCV  
  124  24:25  SCV x2  
  126  24:37  Ghost  
  126  24:42  Siege Tank  
  122  24:49  SCV  
  122  24:50  Siege Tank  
  123  24:52  Marauder  
  119  25:02  Marauder  
  110  25:14  Marauder, Siege Tank  
  110  25:17  Marine  
  110  25:18  Marauder  
  118  25:25  Marine, Marauder  
  124  25:29  Marine x4, Marauder  
  124  25:34  SCV x4  
  124  25:35  SCV x3  
  137  25:36  Marauder  
  137  25:37  Refinery  
  137  25:38  Refinery  
  137  25:41  SCV  
  137  25:42  Medivac  
  140  25:47  SCV  
  141  25:50  Planetary Fortress  
  141  25:54  SCV  
  131  26:03  SCV x2  
  126  26:06  SCV, Refinery  
  126  26:08  SCV, Refinery  
  126  26:10  Siege Tank  
  130  26:17  Orbital Command  
  130  26:18  Marine  
  120  26:19  Marauder, Marine  
  120  26:20  Marauder  
  120  26:23  Marine x4, Marauder  
  120  26:25  Marine, Orbital Command  
  123  26:33  SCV, Orbital Command  
  123  26:34  SCV  
  128  26:46  Marine x4, Liberator  
  128  26:47  SCV, Marine x4  
  132  26:49  SCV x2  
  132  26:50  SCV  
  140  26:59  Refinery, Command Center  
  140  27:00  Refinery, Siege Tank  
  143  27:07  SCV  
  138  27:08  SCV  
  138  27:09  SCV  
  138  27:10  Supply Depot  
  138  27:11  SCV  
  138  27:14  Orbital Command  
  139  27:19  Missile Turret, Sensor Tower  
  139  27:34  Liberator, Sensor Tower  
  139  27:37  Refinery  
  142  27:38  Refinery  
  142  27:40  SCV  
  142  27:43  Siege Tank  
  146  27:50  Siege Tank  
  143  27:52  Marine, Marauder  
  143  27:56  Marine, Command Center  
  143  28:01  Missile Turret  
  143  28:02  Marine  
  143  28:03  Marauder  
  143  28:15  Siege Tank  
  143  28:17  Marine, Marauder x3  
  143  28:19  SCV x4  
  141  28:21  Missile Turret  
  141  28:22  Siege Tank  
  142  28:29  Orbital Command  
  135  28:34  Marine  
  126  28:52  Marauder x2  
  126  28:53  SCV  
  126  28:54  SCV  
  138  29:06  SCV  

Tags
 
Add a new tag
Caveats
  • Supply blocks, unpowered buildings, or Contaminate may cause inaccurate times.
  • Supply counts are checked every 10 seconds.